AoeStats
← 陟遐自迩

Lombardia

509857616Analyzed
4v4 RM · 4d ago on Sep 28, 2026· 60m 31s· 8 players
Game mode
Random Map
Map size
Large (8 player)
Population
200
Speed
Normal
Resources
Standard
Victory
Conquest
Starting age
Dark Age
Ending age
Imperial Age
RankedLock teamsTeams togetherTeam positionsShared explorationLock speedFull tech treeHidden civsTurbo modeCheats
Victory
Defeat
🇨🇳 Vietnamese · China
1045
+17
🇩🇪 Varangians · Germany
1000
+19
🇨🇳 Hindustanis · China
970
+20
🇨🇳 Celts · China
930
+23
🇹🇷 Persians · Türkiye
1122
-22
🇺🇸 Celts · United States
1074
-20
🇩🇪 Varangians · Germany
1053
-19
🇮🇹 Mapuche · Italy
1017
-18
人在阵地在
11:11 Feudal Age
17:19 Castle Age
18:42 Double-Bit Axe
24:54 Scale Barding Armor
25:43 Forging
25:46 Bloodlines
26:42 Gold Mining
27:25 Husbandry
32:00 Chain Barding Armor
34:32 Caravan
38:26 Imperial Age
38:32 Wheelbarrow
38:37 Iron Casting
38:35 Heavy Camel Rider
39:52 Plate Barding Armor
40:19 Blast Furnace
39:55 Hand Cart
39:31 Loom
41:26 Imperial Camel Rider
44:28 Bow Saw
44:41 Elite Skirmisher
45:27 Thumb Ring
45:24 Padded Archer Armor
45:15 Fletching
46:27 Chemistry
45:48 Ballistics
46:09 Imperial Skirmisher
46:45 Bodkin Arrow
47:06 Leather Archer Armor
47:42 Bracer
47:51 Siege Engineers
48:54 Ring Archer Armor
53:04 Shatagni
Joker_xuechen
10:31 Feudal Age
11:27 Double-Bit Axe
11:23 Horse Collar
18:18 Castle Age
17:50 Fletching
18:11 Forging
19:14 Heavy Plow
19:29 Bow Saw
19:37 Scale Barding Armor
20:48 Loom
24:03 Chain Barding Armor
25:21 Gold Mining
25:34 Husbandry
28:15 Wheelbarrow
28:43 Town Watch
30:18 Iron Casting
31:02 Gold Shaft Mining
31:57 Hand Cart
36:14 Imperial Age
34:28 Scale Mail Armor
34:18 Gambesons
34:19 Arson
36:46 Chain Mail Armor
37:56 Plate Mail Armor
37:50 Conscription
39:05 Blast Furnace
38:18 Elite Woad Raider
38:55 Stone Mining
39:57 Town Patrol
40:44 Furor Celtica
40:37 Fletching
40:22 Heavy Scorpion
42:58 Chemistry
42:05 Siege Engineers
47:17 Masonry
47:30 Ballistics
47:30 Stronghold
48:55 Fortified Wall
55:13 Pikeman
55:55 Murder Holes
58:45 Caravan
XTB.眠笛
8:36 Loom
10:43 Feudal Age
14:50 Castle Age
12:39 Double-Bit Axe
13:40 Horse Collar
15:12 Gold Mining
15:57 Bow Saw
20:02 Wheelbarrow
21:57 Town Watch
22:40 Fletching
23:09 Hand Cart
23:37 Town Patrol
24:33 Heavy Plow
24:30 Stone Mining
24:49 Bodkin Arrow
26:03 Squires
26:41 Stone Shaft Mining
26:25 Padded Archer Armor
26:35 Forging
26:35 Scale Barding Armor
26:32 Scale Mail Armor
27:13 Thumb Ring
27:57 Fortified Wall
28:37 Iron Casting
28:23 Murder Holes
31:36 Imperial Age
29:25 Leather Archer Armor
29:26 Masonry
29:40 Ballistics
29:52 Caravan
30:22 Coinage
31:28 Chain Mail Armor
31:21 Scale Barding Armor
31:04 Treadmill Crane
33:32 Two-Man Saw
33:14 Crop Rotation
33:33 Banking
33:13 Guilds
33:16 Siege Engineers
34:12 Chemistry
33:31 Bracer
34:52 Hoardings
34:45 Paper Money
35:15 Chatras
36:13 Ring Archer Armor
35:50 Elite Rattan Archer
37:38 Plate Mail Armor
37:48 Elite Battle Elephant
38:29 Husbandry
38:39 Bloodlines
40:24 Chain Barding Armor
46:31 Elite Skirmisher
48:27 Plate Barding Armor
47:22 Imperial Skirmisher
58:02 Bombard Tower
陟遐自迩
0:30 Loom
14:07 Feudal Age
14:43 Horse Collar
21:02 Castle Age
19:04 Stone Mining
19:08 Double-Bit Axe
20:59 Wheelbarrow
24:57 Heavy Plow
25:10 Bow Saw
24:53 Gold Mining
27:24 Forging
27:20 Scale Barding Armor
30:20 Stone Shaft Mining
33:51 Imperial Age
31:10 Town Watch
31:25 Fletching
31:41 Squires
31:26 Arson
33:44 Hand Cart
34:13 Iron Casting
33:58 Chain Barding Armor
33:40 Scale Mail Armor
34:39 Gambesons
34:16 Elite Varangian Guard
36:17 Blast Furnace
35:49 Chain Mail Armor
36:44 Two-Man Saw
36:19 Crop Rotation
36:45 Conscription
35:46 Gothikon
40:53 Plate Mail Armor
40:44 Chain Barding Armor
40:21 Bodkin Arrow
40:30 Caravan
47:17 Plate Barding Armor
48:02 Husbandry
48:12 Bloodlines
47:23 Cavalier
47:43 Vendel Legacy
49:20 Elite Jarl
51:09 Ballistics
51:50 Chemistry
50:56 Siege Engineers
55:44 Light Cavalry
Furkan61
11:22 Feudal Age
11:45 Double-Bit Axe
13:34 Horse Collar
14:28 Gold Mining
14:49 Stone Mining
21:53 Castle Age
23:22 Wheelbarrow
22:52 Heavy Plow
23:04 Bow Saw
24:19 Gold Shaft Mining
23:23 Pikeman
25:36 Squires
29:48 Hand Cart
35:25 Imperial Age
35:02 Forging
34:53 Scale Mail Armor
34:43 Fletching
34:57 Padded Archer Armor
35:12 Masonry
35:12 Halberdier
36:36 Caravan
38:14 Two-Man Saw
38:30 Chemistry
38:03 Architecture
39:09 Crop Rotation
45:29 Iron Casting
44:52 Bodkin Arrow
45:13 Leather Archer Armor
48:41 Elite War Elephant
49:44 Conscription
53:21 Iron Casting
53:02 Chain Mail Armor
53:19 Ring Archer Armor
53:15 Kamandaran
wallacebru
10:44 Loom
12:29 Feudal Age
18:06 Castle Age
17:47 Horse Collar
17:59 Double-Bit Axe
18:58 Stone Mining
28:20 Wheelbarrow
29:06 Heavy Plow
31:06 Forging
30:57 Scale Mail Armor
32:01 Hand Cart
34:54 Imperial Age
34:26 Iron Casting
34:07 Chain Mail Armor
34:14 Bow Saw
34:08 Town Watch
34:40 Gold Mining
35:39 Stone Shaft Mining
34:29 Pikeman
35:19 Arson
37:37 Blast Furnace
37:09 Plate Mail Armor
37:38 Halberdier
37:40 Champi Runner
38:24 Champi Warrior
39:45 Caravan
40:48 Conscription
39:59 Elite Kona
41:45 Butalmapu
47:17 Elite Champi Warrior
48:37 Crop Rotation
49:03 Onager
54:19 Capped Ram
Schlenkerla23
10:39 Feudal Age
8:55 Loom
16:06 Castle Age
14:34 Double-Bit Axe
14:55 Horse Collar
17:57 Bow Saw
19:12 Heavy Plow
24:38 Wheelbarrow
25:51 Bloodlines
28:24 Forging
28:28 Husbandry
30:30 Iron Casting
31:04 Hand Cart
32:28 Scale Barding Armor
35:01 Imperial Age
36:55 Chain Barding Armor
37:36 Blast Furnace
37:29 Conscription
37:48 Squires
37:34 Arson
37:51 Scale Mail Armor
37:25 Elite Jarl
40:50 Caravan
42:37 Plate Barding Armor
47:46 Light Cavalry
49:19 Chain Mail Armor
49:24 Gothikon
50:45 Elite Varangian Guard
51:56 Plate Mail Armor
52:36 Gambesons
57:31 Chemistry
'HelloWorld'
10:48 Feudal Age
13:11 Loom
16:40 Castle Age
24:25 Wheelbarrow
26:25 Horse Collar
26:33 Double-Bit Axe
33:01 Imperial Age
30:19 Pikeman
31:18 Heavy Plow
33:30 Hand Cart
33:18 Scale Mail Armor
33:29 Forging
33:38 Halberdier
34:58 Bow Saw
35:39 Gold Mining
37:19 Chain Mail Armor
37:39 Iron Casting
37:52 Fortified Wall
38:02 Ballistics
37:55 Town Watch
40:52 Heavy Scorpion
42:54 Conscription
43:42 Furor Celtica
44:18 Siege Engineers
45:15 Chemistry
45:18 Plate Mail Armor
46:53 Town Patrol
54:06 Caravan
58:28 Blast Furnace
Connection lost

Rejoining the realm…

Still unreachable

The connection could not be restored.

Session expired

The server has moved on; the page needs a fresh start.